Map: Ruby Rock LE

Players

Cypem

  • Race: Zerg Zerg
  • League: Grandmaster
  • Spawn Location: 11:00

A.I. 1 (Very Easy) - Winner!

  • Race: Terran Terran
  • Spawn Location: 5:00

VOD

https://www.patreon.com/c/zergsgroundzero/posts

Description

Time

  • Played on: Feb. 4, 2026, 4:40 a.m.
  • Length: 8:52
Show
View Real Time Build Order
Export as new Build Order

Cypem Zerg 

Build Orders: Hatch First 

Get SALT Encoding   

  12  0:00  Drone  
  13  0:09  Drone  
  14  0:14  Extractor  
  14  0:16  Drone  
  15  0:21  Overlord  
  15  0:40  Drone  
  16  0:46  Hatchery  
  16  0:49  Drone  
  16  0:53  Drone  
  18  0:57  Drone  
  18  1:07  Extractor  
  17  1:12  Spawning Pool  
  17  1:14  Drone  
  18  1:18  Drone  
  18  1:26  Drone  
  19  1:37  Drone  
  20  1:48  Drone  
  21  1:59  Queen x2  
  21  2:00  Zergling x4  
  27  2:09  Overlord  
  27  2:11  Drone  
  27  2:14  Metabolic Boost  
  28  2:27  Hatchery  
  28  2:29  Drone  
  28  2:32  Drone  
  28  2:34  Drone  
  30  2:43  Drone  
  31  2:44  Queen  
  31  2:49  Overlord  
  33  2:51  Drone  
  33  2:55  Drone  
  33  2:58  Overlord  
  35  3:02  Drone  
  36  3:10  Drone x3  
  36  3:11  Drone x2  
  42  3:12  Drone  
  42  3:15  Drone  
  43  3:20  Queen  
  45  3:27  Queen  
  45  3:30  Overlord  
  47  3:34  Zergling x2  
  47  3:35  Zergling x2  
  47  3:36  Zergling x2  
  50  3:42  Zergling x2  
  50  3:43  Zergling x2  
  50  3:45  Overlord  
  50  3:47  Drone  
  50  3:48  Drone x2  
  55  3:52  Drone x2  
  57  3:57  Drone  
  57  4:00  Queen  
  60  4:05  Queen  
  60  4:07  Drone x2  
  60  4:09  Drone  
  65  4:15  Overlord  
  65  4:19  Drone x4  
  65  4:23  Drone  
  70  4:24  Drone  
  70  4:26  Drone  
  70  4:30  Drone x2  
  74  4:33  Drone x3  
  74  4:34  Drone  
  74  4:36  Queen  
  80  4:42  Queen  
  80  4:44  Lair  
  80  4:45  Spore Crawler  
  81  4:46  Spore Crawler  
  81  4:48  Spore Crawler  
  79  4:57  Overlord, Drone  
  79  4:58  Drone x2  
  82  5:00  Overlord x2  
  82  5:02  Baneling Nest  
  82  5:03  Extractor  
  82  5:07  Hatchery  
  79  5:09  Drone x2  
  79  5:10  Drone  
  82  5:15  Evolution Chamber  
  82  5:17  Overlord, Evolution Chamber  
  82  5:18  Drone x2  
  82  5:19  Drone  
  82  5:20  Drone  
  84  5:21  Drone  
  84  5:22  Drone  
  84  5:27  Drone  
  84  5:28  Drone  
  88  5:30  Extractor x2  
  88  5:35  Overlord  
  86  5:37  Overlord  
  86  5:38  Zergling x10  
  86  5:40  Drone  
  86  5:41  Drone  
  93  5:44  Zerg Ground Armor Level 1  
  93  5:45  Zergling x6  
  93  5:48  Centrifugal Hooks  
  96  5:50  Zergling x6  
  96  5:55  Zergling x6  
  102  6:00  Zergling x2  
  102  6:02  Zerg Melee Weapons Level 1  
  103  6:05  Drone  
  103  6:07  Drone x2  
  103  6:08  Drone x2  
  108  6:12  Drone  
  108  6:15  Drone x3  
  108  6:17  Hatchery, Drone x2  
  113  6:19  Drone  
  113  6:20  Drone x3  
  117  6:27  Overlord  
  117  6:28  Zergling x2  
  117  6:30  Zergling x2  
  117  6:31  Zergling x2, Spore Crawler  
  121  6:35  Overlord  
  121  6:37  Zergling x2  
  120  6:41  Zergling x12  
  120  6:44  Zergling x6  
  120  6:46  Zergling x2  
  130  6:50  Zergling x2  
  130  6:52  Baneling x13  
  130  6:54  Zergling x4, Overseer  
  133  6:59  Zergling x2  
  133  7:01  Overlord  
  134  7:04  Zergling x10  
  134  7:05  Overlord x3  
  139  7:09  Overlord  
  139  7:10  Overlord x2  
  139  7:13  Overlord  
  139  7:15  Overlord  
  138  7:16  Zergling x10  
  143  7:26  Zergling x6  
  146  7:31  Infestation Pit, Zergling x4  
  146  7:33  Zergling x2  
  146  7:34  Zergling x2  
  150  7:37  Zergling x10  
  150  7:39  Zergling x2  
  150  7:40  Zergling x12  
  150  7:42  Hatchery  
  160  7:45  Hatchery  
  160  7:47  Zergling x2  
  160  7:48  Zergling x2  
  160  7:49  Baneling  
  160  7:50  Baneling x9  
  161  7:51  Zergling x6  
  164  8:01  Zergling x20  
  164  8:03  Zergling x4  
  164  8:05  Zergling x4  
  178  8:11  Zergling x14  
  185  8:14  Zergling x2  
  185  8:17  Overlord  
  185  8:19  Zergling x4  
  188  8:22  Zergling x2  
  188  8:24  Zergling x2  
  190  8:27  Zergling x2  
  190  8:28  Zergling x14  
  190  8:29  Zergling x2  
  190  8:31  Zergling x2  
  200  8:35  Baneling  
  200  8:36  Baneling x15  
  200  8:37  Baneling x3  
Show
View Real Time Build Order
Export as new Build Order

A.I. 1 (Very Easy) Terran - Winner!

Build Orders:  

Get SALT Encoding   

  12  0:00  SCV  
  13  0:13  SCV  
  14  0:18  Supply Depot  
  14  0:36  Refinery  
  14  0:41  Barracks  
  14  1:04  Supply Depot  
  14  1:11  Refinery  
  14  1:29  Barracks Tech Lab, Orbital Command  
  14  1:47  Marine  
  15  1:54  SCV  
  16  2:06  SCV  
  17  2:18  SCV  
  18  2:31  SCV  
  18  2:32  Marine  
  20  2:43  SCV  
  21  2:55  SCV  
  22  3:19  Marauder  
  24  6:41  SCV  
  24  6:42  Marine  
  24  6:43  Supply Depot  
  24  6:45  Factory  
  26  6:49  Command Center  
  26  6:53  SCV  
  27  7:06  SCV  
  27  7:08  Supply Depot  
  27  7:16  Marine  
  27  7:18  SCV  
  26  7:30  SCV  
  26  7:31  Starport  
  27  7:50  Marine  
  28  8:02  SCV  
  29  8:09  SCV  
  29  8:12  Refinery x2, Starport Tech Lab  
  30  8:17  SCV  
  31  8:24  Marine, SCV  
  32  8:32  SCV  
  35  8:39  SCV  
Tags
 
Add a new tag
Caveats
  • Supply blocks, unpowered buildings, or Contaminate may cause inaccurate times.
  • Supply counts are checked every 10 seconds.